 Dungeon Crawl Stone Soup version 0.30-a0-824-g6c64550be9 (webtiles) character file.

Game seed: 14986293996470115516

51 sircluck the Covert (level 3, 0/35 HPs)
             Began as a Gnoll Delver on Feb 27, 2023.
             Slain by an ufetubus (1 damage)
             ... on level 5 of the Dungeon.
             The game lasted 00:01:56 (209 turns).

sircluck the Covert (Gnoll Delver)                   Turns: 209, Time: 00:01:56

Health: 0/35       AC:  3    Str: 13    XL:     3   Next: 83%
Magic:  3/4        EV: 13    Int:  9    God:
Gold:   1          SH:  0    Dex: 13    Spells: 4/4 levels left

rFire   . . .      SeeInvis .    a - +0 falchion
rCold   . . .      Faith    .    (no shield)
rNeg    . . .      Spirit   .    b - +0 leather armour
rPois   .          Reflect  .    (no helmet)
rElec   .          Harm     .    (no cloak)
rCorr   .          Rampage  .    (no gloves)
Will    .....                    (no boots)
Stlth   ++++                     (no amulet)
HPRegen 0.25/turn                (no ring)
MPRegen 0.09/turn                (no ring)

@: no status effects
A: fangs 1, strong nose, distributed training
a: no special abilities


You were on level 5 of the Dungeon.
You visited 1 branch of the dungeon, and saw 1 of its levels.

You collected 1 gold pieces.

Inventory:

Hand Weapons
 a - a +0 falchion (weapon)
Missiles
 h - 5 stones (quivered)
Armour
 b - a +0 leather armour (worn)
Wands
 g - a wand of digging (3)
Scrolls
 c - a scroll of fog
 d - a scroll of magic mapping
 e - a scroll of fear
 i - a scroll of identify {unknown}
Potions
 f - 3 potions of haste
 j - 2 potions of brilliance {unknown}
 k - a potion of ambrosia {unknown}


   Skills:
 + Level 6.5 Fighting
 + Level 1.0 Short Blades
 + Level 4.6 Long Blades
 + Level 1.0 Axes
 + Level 1.0 Maces & Flails
 + Level 1.0 Polearms
 + Level 1.0 Staves
 + Level 1.0 Ranged Weapons
 + Level 1.0 Throwing
 + Level 1.0 Armour
 + Level 4.6 Dodging
 + Level 9.6 Stealth
 + Level 1.0 Shields
 + Level 1.0 Unarmed Combat
 + Level 1.0 Spellcasting
 + Level 0.7 Conjurations
 + Level 0.7 Hexes
 + Level 0.7 Summonings
 + Level 0.7 Necromancy
 + Level 0.7 Translocations
 + Level 0.7 Transmutations
 + Level 0.7 Fire Magic
 + Level 0.7 Ice Magic
 + Level 0.7 Air Magic
 + Level 0.7 Earth Magic
 + Level 0.7 Poison Magic
 + Level 1.1 Invocations
 + Level 1.0 Evocations


You had 4 spell levels left.
You didn't know any spells.
Your spell library was empty.

Dungeon Overview and Level Annotations

Branches:
Dungeon (5/15)
 Temple: D:4-7

Altars:

Annotations:
D:5 Menkaure


Innate Abilities, Weirdness & Mutations

You have very sharp teeth.
Your uncanny sense of smell can sniff out nearby items.
Your experience applies equally to all skills.


Message History

You are too injured to fight recklessly!
You are too injured to fight recklessly!
You are too injured to fight recklessly!
You are too injured to fight recklessly!
You hit the phantom.
The phantom is lightly damaged.
The phantom hits you. The ufetubus misses you. The ufetubus hits you.
You closely miss the phantom.
The phantom is lightly damaged.
The ufetubus misses you. The ufetubus hits you.
* * * LOW HITPOINT WARNING * * *
The phantom hits you.
* * * LOW HITPOINT WARNING * * *
The phantom blinks!
You blink.
You closely miss the phantom.
The phantom is lightly damaged.
The ufetubus closely misses you. The ufetubus barely misses you.
The phantom hits you but does no damage.
The ufetubus closely misses you.
The ufetubus hits you but does no damage.
You closely miss the phantom.
The phantom is lightly damaged.
The ufetubus hits you but does no damage.
The ufetubus closely misses you. The phantom barely misses you.
You barely miss the phantom.
The phantom is lightly damaged.
The ufetubus hits you but does no damage.
The ufetubus closely misses you. The phantom hits you!
* * * LOW HITPOINT WARNING * * *
The phantom blinks!
You blink.
Found 5 gold pieces.
Found a stone staircase leading down.
You closely miss the phantom. Your punch misses the phantom.
You bite the phantom, but do no damage.
The phantom is lightly damaged.
The phantom closely misses you. The ufetubus closely misses you. x2
The ufetubus barely misses you. The ufetubus hits you.
* * * LOW HITPOINT WARNING * * *
The ufetubus attacks as you move away! The ufetubus barely misses you.
The ufetubus hits you.
You die...

$> ## #. .... .#. ..
#. #.##########
#.W@.......# ∆
#.5..#####.###### #
#...†.# #.##... #
#.....# #.##.######
#.....# #.........#
##....####.##..#####
####.............##
###....###.#####
###### #......


You could see a phantom and an ufetubus.

Vanquished Creatures
  An iguana (D:5)
  An orc wizard (D:5)
  An orc (D:5)
3 creatures vanquished.

Notes
Turn   | Place    | Note
-------+----------+-------------------------------------------
     0 | D:5      | Reached skill level 9 in Stealth
     0 | D:5      | sircluck the Gnoll Delver began the quest for the Orb.
     0 | D:5      | Reached XP level 1. HP: 23/23 MP: 1/1
    15 | D:5      | Noticed an orc wizard
    32 | D:5      | Killed an orc wizard
    33 | D:5      | Reached XP level 2. HP: 24/29 MP: 2/2
    33 | D:5      | Reached XP level 3. HP: 29/35 MP: 3/3
   103 | D:5      | Noticed Menkaure
   109 | D:5      | Noticed a phantom
   195 | D:5      | Noticed a phantom
   201 | D:5      | Reached skill level 1 in Short Blades
   201 | D:5      | Reached skill level 1 in Axes
   201 | D:5      | Reached skill level 1 in Maces & Flails
   201 | D:5      | Reached skill level 1 in Polearms
   201 | D:5      | Reached skill level 1 in Staves
   201 | D:5      | Reached skill level 1 in Ranged Weapons
   201 | D:5      | Reached skill level 1 in Throwing
   201 | D:5      | Reached skill level 1 in Armour
   201 | D:5      | Reached skill level 1 in Shields
   201 | D:5      | Reached skill level 1 in Unarmed Combat
   201 | D:5      | Reached skill level 1 in Spellcasting
   201 | D:5      | Reached skill level 1 in Invocations
   201 | D:5      | Reached skill level 1 in Evocations
   206 | D:5      | HP: 1/35 [phantom (7)]
   209 | D:5      | Slain by an ufetubus

Illustrated notes

Levels and vault maps discovered:
D:5:      layout_basic, st_stairs_8, uniq_menkaure

Skill      XL: |  1  2  3 |
---------------+----------+-----
Stealth        | |  9.6
Short Blades   | 1 |  1.0
Axes           | 1 |  1.0
Maces & Flails | 1 |  1.0
Polearms       | 1 |  1.0
Staves         | 1 |  1.0
Ranged Weapons | 1 |  1.0
Throwing       | 1 |  1.0
Armour         | 1 |  1.0
Shields        | 1 |  1.0
Unarmed Combat | 1 |  1.0
Spellcasting   | 1 |  1.0
Invocations    | 1 |  1.1
Evocations     | 1 |  1.0
Fighting       | |  6.5
Long Blades    | |  4.6
Dodging        | |  4.6
Conjurations   | |  0.7
Hexes          | |  0.7
Summonings     | |  0.7
Necromancy     | |  0.7
Translocations | |  0.7
Transmutations | |  0.7
Fire Magic     | |  0.7
Ice Magic      | |  0.7
Air Magic      | |  0.7
Earth Magic    | |  0.7
Poison Magic   | |  0.7

Action                     || total
---------------------------++-------
  Melee: Falchion          ||    22
         Bite              ||     4
 Armour: Leather armour    ||     7
  Dodge: Dodged            ||    43

Table legend: (Time is in decaauts)
 A = Elapsed time spent in this place.
 B = Non-inter-level travel time spent in this place.
 C = Inter-level travel time spent in this place.
 D = Time resting spent in this place.
 E = Time spent auto-exploring this place.
 F = Levels seen in this place.
 G = Mean time per level.
                   A        B        C        D        E       F      G
               +--------+--------+--------+--------+--------+-----+--------+
         Total |    210 |    210 |      0 |      0 |     80 |   1 |  210.0 |
       Dungeon |    210 |    210 |      0 |      0 |     80 |   1 |  210.0 |
               +--------+--------+--------+--------+--------+-----+--------+

Top non-repeatable levels by time:
     D:5: 210 daAuts
